 Dungeon Crawl Stone Soup version 0.30.1-3-gfc49f6343a (webtiles) character file.

Game seed: 8630579643716962875

2039 H0rd4k the Insei (level 9, -5/58 HPs)
             Began as an Octopode Artificer on Aug 1, 2023.
             Was an Initiate of Gozag.
             Slain by a wyvern (7 damage)
             ... on level 8 of the Dungeon.
             The game lasted 00:09:22 (7686 turns).

H0rd4k the Insei (Octopode Artificer)               Turns: 7686, Time: 00:09:23

Health: -5/58      AC:  1    Str: 12    XL:     9   Next: 24%
Magic:  0/9        EV: 14    Int: 17    God:    Gozag
Gold:   282        SH:  0    Dex: 12    Spells: 8/8 levels left

rFire   . .          .
                       - Unarmed
rCold   + . .        (no shield)
rNeg    . . .        (helmet restricted)
rPois   .            k - amulet of guardian spirit
rElec   .            j - ring of flight
rCorr   .            y - ring of protection from cold
SInv    .            (no ring)
Will    .....        (no ring)
Stlth   ++++         (no ring)
HPRegen 0.29/turn    (no ring)
MPRegen 0.11/turn    (no ring)
                     (no ring)

%: guardian spirit
@: flying
A: almost no armour, amphibious, 8 rings, camouflage 1, gelatinous body 1,
(nimble swimmer 1), tentacles
a: Renounce Religion, Potion Petition, Call Merchant, Bribe Branch


You were on level 8 of the Dungeon.
You worshipped Gozag.
Gozag was aware of your devotion.
You visited 2 branches of the dungeon, and saw 9 of its levels.

You collected 403 gold pieces.
You paid 121 gold pieces to Gozag.

Inventory:

Hand Weapons
 q - a +1 dagger of protection
Missiles
 d - 2 silver javelins
 m - 5 atropa-tipped darts
 t - 6 poisoned darts (quivered)
Magical Staves
 r - a staff of air
Jewellery
 j - a ring of flight (left tentacle)
 k - an amulet of guardian spirit (around mantle)
 x - an amulet of the acrobat
 y - a ring of protection from cold (right tentacle)
Scrolls
 e - a scroll of acquirement {unknown}
 g - a scroll of vulnerability {unknown}
 h - a scroll of amnesia {unknown}
 i - a scroll of enchant weapon {unknown}
 n - a scroll of fear {unknown}
 o - a scroll of immolation {unknown}
 s - 5 scrolls of identify {unknown}
 u - 3 scrolls of teleportation {unknown}
Potions
 a - 2 potions of curing
 b - a potion of brilliance {unknown}
 c - a potion of haste {unknown}
 f - a potion of might {unknown}
 l - a potion of degeneration {unknown}
 p - a potion of ambrosia {unknown}
 v - a potion of resistance {unknown}
 w - 2 potions of lignification {unknown}


   Skills:
 + Level 3.9 Fighting
 + Level 1.5 Throwing
 + Level 5.2 Dodging
 + Level 6.7 Stealth
 + Level 7.1 Unarmed Combat
 + Level 6.2 Evocations


You had 8 spell levels left.
You didn't know any spells.
Your spell library contained the following spells:

 Spells                   Type           Power      Damage    Failure   Level
 Beastly Appendage        Tmut           0%         N/A       24%         1
 Blink                    Tloc           0%         N/A       34%         2
 Lesser Beckoning         Tloc           0%         N/A       34%         2
 Momentum Strike          Conj/Tloc      0%         3d8       34%         2
 Wereblood                Tmut           0%         N/A       34%         2
 Call Canine Familiar     Summ           0%         N/A       56%         3
 Portal Projectile        Hex/Tloc       0%         N/A       56%         3
 Spider Form              Tmut/Pois      0%         N/A       56%         3
 Leda's Liquefaction      Hex/Erth       0%         N/A       93%         4


Dungeon Overview and Level Annotations

Branches:
Dungeon (8/15)             Temple (1/1) D:7
   Lair: D:8-11

Altars:
Cheibriados
Fedhas
Gozag
Hepliaklqana
Kikubaaqudgha
Makhleb
Nemelex Xobeh
Okawaru
Qazlal
Ru
Sif Muna
Trog
Uskayaw
Vehumet
Wu Jian
Yredelemnul
The Shining One

Shops:
D:6 *

Annotations:
D:5 exclusion: quasit, Prince Ribbit
D:6 1 runed translucent door, exclusions: door and downstairs, Crazy Yiuf
D:7 3 runed translucent doors, exclusion: water moccasin, Maggie; opiumtea's ghost, novice GnWn


Innate Abilities, Weirdness & Mutations

You cannot wear most types of armour.
You are amphibious.
You can wear up to eight rings at the same time.
Your skin changes colour to match your surroundings (Stealth+).
Your rubbery body absorbs attacks. (AC +1, EV +1)
((You are camouflaged when in or above water. (Stealth+)))
You have tentacles for arms and can constrict up to eight enemies at once.


Message History

The wyvern closely misses you.
You closely miss the wyvern.
You squeeze the wyvern, but do no damage.
The wyvern is lightly wounded.
The wyvern bites you. x2
You tentacle-slap the wyvern but do no damage.
You tentacle-slap the wyvern, but do no damage.
The wyvern is lightly wounded.
The wyvern misses you.
You barely miss the wyvern. You squeeze the wyvern.
The wyvern is lightly wounded.
The wyvern misses you.
You closely miss the wyvern.
Your tentacle-slap misses the wyvern.
Your squeeze misses the wyvern.
The wyvern is moderately wounded.
The wyvern closely misses you. The wyvern bites you!
You barely miss the wyvern.
The wyvern is moderately wounded.
The wyvern looks more healthy.
The wyvern barely misses you.
You tentacle-slap the wyvern.
You squeeze the wyvern, but do no damage.
The wyvern is moderately wounded.
The wyvern bites you! The wyvern misses you.
You tentacle-slap the wyvern but do no damage.
The wyvern is moderately wounded.
The wyvern barely misses you.
You tentacle-slap the wyvern.
The wyvern is heavily wounded.
The wyvern bites you!
* * * LOW HITPOINT WARNING * * *
You tentacle-slap the wyvern.
The wyvern is heavily wounded.
The wyvern bites you!
* * * LOW HITPOINT WARNING * * *
You tentacle-slap the wyvern but do no damage.
Your squeeze misses the wyvern.
The wyvern is heavily wounded.
The wyvern bites you!
You die...
Your body crumbles into a pile of gold.

#......<#.# +.....#.#.#
#.....#.#.# .#
#.....#.#.# ###
...#####.....#.#.. ..#
#...........#.#######.#
#..................>#.#
#.......#.#.#.##....#
#.(.@...###.#.###.###
#..l....# ..#.# #+#
#.(.....#.###..
#..(......#. #..
(..#.......# #... (.
+.....#.# #.[. .
#.....#.# #.$...#.#


You could see a wyvern.

Vanquished Creatures
  Sigmund (D:6)
  Eustachio (D:4)
  A water moccasin (Temple)
  Duvessa (D:5)
  A black bear (D:6)
  An ice beast (D:7)
  A phantom (D:5)
  A kobold brigand (D:6)
  Blork the orc (D:4)
  2 bullfrogs
  2 scorpions
  Dowan (D:5)
  A quasit (D:5)
  5 hounds
  2 orc priests
  2 jellies (D:8)
  An iguana (D:6)
  An orc wizard (D:4)
  Robin (D:3)
  3 gnolls
  6 adders
  2 shadow imps (D:5)
  3 white imps
  2 ufetubi (D:5)
  A dart slug (D:3)
  8 orcs
  6 ball pythons
  4 endoplasms
  A giant cockroach (D:4)
  14 goblins
  10 hobgoblins
  3 jackals (D:1)
  6 quokkas
  4 bats
  2 frilled lizards
  14 kobolds
  10 rats
126 creatures vanquished.

Vanquished Creatures (collateral kills)
  A quasit (D:5)
  An iguana (D:5)
  An orc wizard (D:5)
  2 gnolls (D:5)
  A white imp (D:5)
  An orc (D:4)
  2 goblins (D:3)
  A hobgoblin (D:3)
10 creatures vanquished.

Vanquished Creatures (others)
  Grinder (D:3)
  A human (D:7)
  A hound (D:6)
  A gnoll bouda (D:4)
  An orc wizard (D:5)
  2 gnolls (D:4)
  A goblin (D:3)
  2 kobolds (D:5)
10 creatures vanquished.

Grand Total: 146 creatures vanquished

Notes
Turn   | Place    | Note
-------+----------+-------------------------------------------
     0 | D:1      | H0rd4k the Octopode Artificer began the quest for the Orb.
     0 | D:1      | Reached XP level 1. HP: 13/13 MP: 1/1
   212 | D:1      | Reached XP level 2. HP: 14/18 MP: 2/2
   395 | D:1      | Reached XP level 3. HP: 23/23 MP: 3/3
   606 | D:1      | Reached skill level 1 in Unarmed Combat
  1147 | D:2      | Reached XP level 4. HP: 27/28 MP: 4/4
  2058 | D:3      | Noticed Grinder
  2064 | D:3      | Paralysed by Grinder for 2 turns
  2073 | D:3      | Identified the +0 helmet of Purpose {Int+3}
  2073 | D:3      | Noticed Robin
  2079 | D:3      | Your ally Grinder died
  2080 | D:3      | Reached skill level 2 in Unarmed Combat
  2080 | D:3      | Reached XP level 5. HP: 21/34 MP: 5/5
  2112 | D:3      | Reached XP level 6. HP: 34/39 MP: 6/6
  2298 | D:3      | Killed Robin
  2338 | D:3      | Found a basalt altar of Yredelemnul.
  2575 | D:3      | Reached skill level 3 in Unarmed Combat
  2621 | D:3      | Found a faded altar of an unknown god.
  2631 | D:3      | Found a blossoming altar of Fedhas.
  2944 | D:4      | Noticed Blork the orc
  2950 | D:4      | Killed Blork the orc
  3364 | D:4      | Reached XP level 7. HP: 41/45 MP: 5/7
  3513 | D:4      | Reached skill level 5 in Stealth
  3642 | D:4      | Noticed Eustachio
  3650 | D:4      | Killed Eustachio
  3651 | D:4      | Reached skill level 4 in Unarmed Combat
  3651 | D:4      | Reached skill level 5 in Evocations
  3870 | D:5      | Entered Level 5 of the Dungeon
  3972 | D:5      | Found a radiant altar of Vehumet.
  3989 | D:5      | Noticed Dowan
  3990 | D:5      | Noticed Duvessa
  4011 | D:5      | Killed Duvessa
  4126 | D:5      | Reached skill level 5 in Unarmed Combat
  4129 | D:5      | Reached XP level 8. HP: 51/51 MP: 8/8
  4480 | D:5      | Killed Dowan
  4484 | D:5      | Noticed Prince Ribbit
  5053 | D:6      | Noticed Sigmund
  5097 | D:6      | Found Duatsus's General Store.
  5117 | D:6      | Reached skill level 6 in Unarmed Combat
  5138 | D:6      | Found a shimmering blue altar of Sif Muna.
  5604 | D:6      | Found a runed translucent door.
  5605 | D:6      | Noticed Crazy Yiuf
  5720 | D:6      | Killed Sigmund
  5911 | D:6      | Reached XP level 9. HP: 42/58 MP: 4/9
  6029 | D:7      | Found a runed translucent gate.
  6030 | D:7      | Found a runed translucent gate.
  6030 | D:7      | Found a runed translucent gate.
  6039 | D:7      | Reached skill level 1 in Throwing
  6056 | D:7      | Noticed Maggie
  6067 | D:7      | Noticed opiumtea's ghost (novice GnWn)
  6379 | D:7      | Found a staircase to the Ecumenical Temple.
  6408 | Temple   | Entered the Ecumenical Temple
  6562 | Temple   | Became a worshipper of Gozag Ym Sagoz the Greedy
  6621 | Temple   | Reached skill level 5 in Dodging
  7095 | D:7      | Reached skill level 7 in Unarmed Combat
  7316 | D:7      | Found an ancient bone altar of Kikubaaqudgha.
  7685 | D:8      | HP: 2/58 [wyvern (15)]
  7686 | D:8      | Slain by a wyvern

Illustrated notes

Levels and vault maps discovered:
D:1:      dpeg_arrival_ratfight, layout_loops_ring
D:2:      layout_loops_corners
D:3:      layout_basic, nicolae_overflow_ecumenical_swirl,
          general_overflow_altar, uniq_grinder, uniq_robin
D:4:      layout_basic, uniq_eustachio, uniq_blork_the_orc
D:5:      layout_loops_cross, fiery_altar_vehumet, serial_demonic,
          serial_demonic_c, serial_demonic_b, serial_demonic_f,
          serial_demonic_e, uniq_prince_ribbit1, uniq_duvessa
D:6:      layout_rooms, kennysheep_mini_moat, serial_shops,
          nicolae_shop_tiny_glass, minivault_24, uniq_crazy_yiuf_cottage,
          uniq_sigmund
D:7:      layout_basic, tgw_kikubaaqudgha, minmay_temple_entry_drinking_statues,
          gammafunk_ghost_necromancy, serial_glass, glass_columns_a,
          glass_columns_a, uniq_maggie
D:8:      layout_basic, grunt_decor_cap
Temple:   minmay_temple_forest_path

Skill      XL: |  1  2  3  4  5  6  7  8  9 |
---------------+----------------------------+-----
Evocations     | 4 5 6 |  6.2
Unarmed Combat | 1 2 3 5 6 7 |  7.1
Stealth        | 3 4 5 6 |  6.7
Dodging        | 3 4 5 |  5.2
Fighting       | 2 3 |  3.9
Throwing       | 1 |  1.5

Action                     |  1- 3 |  4- 6 |  7- 9 || total
---------------------------+-------+-------+-------++-------
  Melee: Unarmed           |   106 |    97 |   172 ||   375
         Constrict         |    33 |    24 |    37 ||    94
         Tentacles         |    18 |    21 |    47 ||    86
         Punch             |     1 |     6 |    12 ||    19
  Throw: Dart              |       |       |    24 ||    24
  Evoke: Wand              |     3 |    15 |    25 ||    43
    Use: Potion            |       |       |     3 ||     3
   Stab: Sleeping          |     6 |     6 |     7 ||    19
 Armour: Skin              |     4 |     3 |     5 ||    12
  Dodge: Dodged            |    50 |    59 |   136 ||   245
